 Dungeon Crawl Stone Soup version 0.31-a0-255-g9c3d1c461a (webtiles) character file.

Game seed: 3681881794251274175

65 qw the Shooter (level 3, 0/30 HPs)
             Began as a Minotaur Hexslinger on July 12, 2023.
             Slain by Sigmund
             ... wielding a +0 scythe
              (8 damage)
             ... on level 3 of the Dungeon.
             The game lasted 00:00:36 (1406 turns).

qw the Shooter (Minotaur Hexslinger)                Turns: 1406, Time: 00:00:36

Health: 0/30       AC:  5    Str: 12    XL:     3   Next: 94%
Magic:  3/3        EV: 11    Int: 10    God:
Gold:   74         SH:  0    Dex: 14    Spells: 3/4 levels left

rFire   . . .        Y - +2 sling
rCold   . . .        (no shield)
rNeg    . . .        f - +0 ring mail
rPois   .            (helmet restricted)
rElec   .            (no cloak)
rCorr   .            (no gloves)
SInv    .            (no boots)
Will    .....        (no amulet) Stlth
                     (no ring)
HPRegen 0.25/turn    (no ring)
MPRegen 0.08/turn

%: no passive effects
@: confused
A: horns 2, retaliatory headbutt
a: no special abilities


You were on level 3 of the Dungeon.
You visited 1 branch of the dungeon, and saw 3 of its levels.

You collected 74 gold pieces.


Innate Abilities, Weirdness & Mutations

You have a pair of horns on your head.
You reflexively headbutt those who attack you in melee.


   Skills:
 - Level 2.4 Fighting
 - Level 4.1 Ranged Weapons
 + Level 0.7 Armour
 - Level 2.1 Dodging
 - Level 1.0 Spellcasting
 - Level 2.0 Hexes


You had 3 spell levels left.
You knew the following spells:

 Your Spells              Type           Power      Damage    Failure   Level
a - Slow                  Hex            16%        N/A       34%         1

Your spell library contained the following spells:

 Spells                   Type           Power      Damage    Failure   Level
 Inner Flame              Hex/Fire       2%         N/A       83%         3
 Portal Projectile        Hex/Tloc       4%         N/A       83%         3
 Cause Fear               Hex            2%         N/A       98%         4

Inventory:

Hand Weapons
 Y - a +2 sling (weapon)
Armour
 f - a +0 ring mail (worn)
Jewellery
 c - an amulet of the acrobat
 g - a ring of fire
Scrolls
 a - a scroll of identify
Potions
 b - a potion of heal wounds
 d - a potion of mutation
 e - a potion of curing {unknown}

Dungeon Overview and Level Annotations

Branches:
Dungeon (3/15)

Altars:

Annotations:
D:3 Sigmund


Message History

A goblin comes into view. It is wielding a +0 dagger.
The goblin shouts!
Enter note: You shoot a sling bullet.
The sling bullet hits the goblin.
You kill the goblin!
A bat comes into view.
The bat barely misses you.
Enter note: You shoot a sling bullet.
The sling bullet misses the bat.
The bat barely misses you.
You shoot a sling bullet.
The sling bullet closely misses the bat.
The bat misses you. You furiously retaliate!
You headbutt the bat.
You kill the bat!
You see here a bat corpse.
Sigmund the Dreaded comes into view.
He is wielding a +0 scythe.
Sigmund shouts!
Enter note: You shoot a sling bullet.
The sling bullet barely misses Sigmund.
Sigmund points at you and mumbles some strange words.
You are confused.
Sigmund gestures wildly while chanting.
Sigmund flickers and vanishes!
Deactivating autopickup; reactivate with Ctrl-A.
You shoot a sling bullet. Something hits you!
You shoot a sling bullet.
A magic dart appears from out of thin air!
The magic dart hits you!
You shoot a sling bullet. Something hits you.
You shoot a sling bullet.
You feel less confused. Something hits you.
You shoot a sling bullet. You shoot a sling bullet.
You hear some strange, mumbled words.
You are confused.
Something hits you!
You die...

## ##### #. ...# #####
#. ####.###...# #.
##.###...%......#######.
.....{.@#.###...........
##......#.# ###...#####.
#...##.#.# #.....# #.
#... ....# ##...## ##
#.. #.### ##.## .. ..#
#.# # ### #.# #.# ##+##
#.# ##...##


There were no monsters in sight!

Vanquished Creatures
  3 adders
  3 endoplasms
  2 giant cockroaches
  4 goblins
  6 hobgoblins
  3 kobolds (D:2)
  5 ball pythons
  4 bats
  2 frilled lizards
  4 rats
36 creatures vanquished.

Notes
Turn   | Place    | Note
-------+----------+-------------------------------------------
     0 | D:1      | qw the Minotaur Hexslinger began the quest for the Orb.
     0 | D:1      | Reached XP level 1. HP: 16/16 MP: 1/1
     0 | D:1      | 0 ||| qw: Version: 0.3-a-52-g30416fa
     0 | D:1      | 0 ||| qw: Game counter: 6643
     0 | D:1      | 0 ||| qw: Melee chars always use a shield: true
     0 | D:1      | 0 ||| qw: God list: Okawaru
     0 | D:1      | 0 ||| qw: Allow faded altars: false
     0 | D:1      | 0 ||| qw: Do Orc after clearing Dungeon:15 true
     0 | D:1      | 0 ||| qw: Do second Lair branch before Depths: true
     0 | D:1      | 0 ||| qw: Lair rune preference: random
     0 | D:1      | 0 ||| qw: Goals: Normal
     0 | D:1      | 0 ||| PLANNING D:1-11
   271 | D:1      | Reached skill level 3 in Ranged Weapons
   471 | D:1      | Found a faded altar of an unknown god.
   476 | D:1      | 476 ||| UPGRADING to +0 leather armour.
   486 | D:1      | 486 ||| DROPPING +0 robe.
   487 | D:1      | 487 ||| UPGRADING to +0 ring mail.
   497 | D:1      | 497 ||| DROPPING +0 leather armour.
   498 | D:1      | 498 ||| READING 3 scrolls labelled GUZOJAETEA.
   499 | D:1      | 499 ||| READING scroll labelled ULUDATWASYT.
   500 | D:1      | 500 ||| READING 2 scrolls of identify.
   500 | D:1      | 500 ||| IDENTIFYING bubbling cyan potion
   501 | D:1      | 501 ||| DROPPING scroll of poison.
   502 | D:1      | 502 ||| DROPPING potion of berserk rage.
   534 | D:2      | Reached XP level 2. HP: 19/23 MP: 2/2
   534 | D:2      | 534 ||| STAIRDANCE
   605 | D:2      | 605 ||| STAIRDANCE
   697 | D:2      | 697 ||| READING scroll labelled JYOG VAJORRI.
   704 | D:2      | Reached XP level 3. HP: 17/30 MP: 3/3
   706 | D:2      | 706 ||| FLEEEEING.
   723 | D:2      | 723 ||| FLEEEEING.
   724 | D:2      | 724 ||| FLEEEEING.
   725 | D:2      | 725 ||| FLEEEEING.
   726 | D:2      | 726 ||| STAIRDANCE
  1027 | D:2      | Reached skill level 4 in Ranged Weapons
  1223 | D:2      | 1223 ||| READING scroll labelled TASEANAXKYR.
  1224 | D:2      | 1224 ||| READING scroll labelled ZEFFIW CIOWEY.
  1225 | D:2      | 1225 ||| READING 3 scrolls of identify.
  1225 | D:2      | 1225 ||| IDENTIFYING blue potion
  1226 | D:2      | 1226 ||| READING 2 scrolls of identify.
  1226 | D:2      | 1226 ||| IDENTIFYING bubbling emerald potion
  1397 | D:3      | Noticed Sigmund
  1404 | D:3      | HP: 7/30 [something (1)]
  1406 | D:3      | Slain by Sigmund

Levels and vault maps discovered:
D:1:      lemuel_arrival_funnel, layout_basic, chequers_ecumenical_altar_lobes
D:2:      layout_rooms, kennysheep_decorative_pillar
D:3:      layout_loops_corners, old_standard_altar, uniq_sigmund

Skill      XL: |  1  2  3 |
---------------+----------+-----
Ranged Weapons | 3 4 |  4.1
Fighting       | 2 |  2.4
Armour         | |  0.7
Dodging        | |  2.1
Spellcasting   | |  1.0
Hexes          | |  2.0

Action                     || total
---------------------------++-------
   Fire: Sling             ||   100
    Use: Scroll            ||     8
 Armour: Ring mail         ||    31
  Dodge: Dodged            ||    34

Table legend:
 A = Non-vault XP
 B = Vault XP
 C = Vault XP percentage of total XP
 D = Non-vault monster count
 E = Vault monster count
 F = Vault count percentage of total count
                 A         B        C        D         E       F
            +---------+---------+-------+---------+---------+-------
      Total |      94 |       0 |   0.0 |      36 |       0 |   0.0
            +---------+---------+-------+---------+---------+-------
        D:1 |      27 |       0 |   0.0 |      10 |       0 |   0.0
        D:2 |      60 |       0 |   0.0 |      21 |       0 |   0.0
        D:3 |       7 |       0 |   0.0 |       5 |       0 |   0.0
            +---------+---------+-------+---------+---------+-------
